 Dungeon Crawl Stone Soup version 0.28.0-53-g5a82cb258f (webtiles) character file.

Game seed: 4258084703440562450

56 Zeld the Conjurer (level 3, -6/19 HPs)
             Began as a Deep Elf Conjurer on June 3, 2022.
             Mangled by an orc
             ... wielding a +0 morningstar
              (10 damage)
             ... on level 3 of the Dungeon.
             The game lasted 00:01:19 (852 turns).

Zeld the Conjurer (Deep Elf Conjurer)                Turns: 852, Time: 00:01:19

Health: -6/19      AC:  2    Str:  7    XL:     3   Next: 69%
Magic:  5/10       EV: 12    Int: 24    God:
Gold:   9          SH:  0    Dex: 13    Spells: 6/9 levels left

rFire   . . .      SeeInvis .   e - +2 spear of Desperation {vorpal, rN+ Str+3 Stlth+}
rCold   . . .      Faith    .   (no shield)
rNeg    + . .      Spirit   .   a - +0 robe
rPois   .          Reflect  .   (no helmet)
rElec   .          Harm     .   (no cloak)
rCorr   .          Rampage  .   (no gloves)
Will    .....                   (no boots)
Stlth   +++.......              (no amulet)
HPRegen 0.06/turn               (no ring)
MPRegen 0.12/turn               (no ring)

@: no status effects
A: no striking features
a: no special abilities


You were on level 3 of the Dungeon.
You visited 1 branch of the dungeon, and saw 3 of its levels.

You collected 9 gold pieces.

Inventory:

Hand Weapons
 e - the +2 spear of Desperation (weapon) {vorpal, rN+ Str+3 Stlth+}
   (You found it on level 3 of the Dungeon)

   It inflicts extra damage upon your enemies.
   Str:       It affects your strength (+3).
   rN:        It protects you from negative energy.
   Stlth:     It makes you more stealthy.
Armour
 a - a +0 robe (worn)
Scrolls
 b - a scroll of acquirement {unknown}
 c - a scroll of noise {unknown}
Potions
 d - a potion of invisibility {unknown}


   Skills:
 - Level 2.4 Dodging
 - Level 2.4 Stealth
 * Level 3.9 Spellcasting
 + Level 4.6 Conjurations
 - Level 2.0 Hexes
 - Level 2.0 Translocations


You had 6 spell levels left.
You knew the following spells:

 Your Spells              Type           Power      Damage    Failure   Level
a - Magic Dart            Conj           100%       1d8       1%          1
b - Searing Ray           Conj           54%        2d6       2%          2

Your spell library contained the following spells:

 Spells                   Type           Power      Damage    Failure   Level
 Dazzling Flash           Conj/Hex       40%        N/A       8%          3
 Fulminant Prism          Conj/Hex       10%        3d9       26%         4
 Iskenderun's Mystic Bla  Conj/Tloc      20%        2d6       26%         4


Dungeon Overview and Level Annotations

Branches:
Dungeon (3/15)

Altars:


Message History

The orc shouts!
The adder hisses angrily.
The searing ray hits the orc priest!
You kill the orc priest!
A dart slug comes into view.
Training target 2.0 for Hexes reached!
Your Hexes skill increases to level 2!
You have reached level 3!
Your experience leads to an increase in your attributes!
Your base attributes are Str 4, Int 22, Dex 13.
Increase (S)trength, (I)ntelligence, or (D)exterity?
You feel clever. x2
The searing ray hits the adder!
The adder is almost dead.
The searing ray hits the adder!
You kill the adder!
The searing ray hits the orc.
The orc is lightly wounded.
You finish channelling your searing ray.
Training target 2.0 for Translocations reached!
Your Translocations skill increases to level 2!
You closely miss the orc. Your punch misses the orc.
The orc is lightly wounded.
The orc closely misses you.
You hit the orc.
The orc is heavily wounded.
The orc hits you with a +0 morningstar.
You hit the orc.
The orc is severely wounded.
The orc hits you with a +0 morningstar!
Ouch! That really hurt!
* * * LOW HITPOINT WARNING * * *
You barely miss the orc.
The orc is severely wounded.
The orc barely misses you.
You are too injured to fight recklessly!
You barely miss the orc.
The orc is severely wounded.
The orc misses you. The orc hits you with a +0 morningstar!
Ouch! That really hurt!
You die...

############ ##
#........#.. .#
#.######.#.# .# ###.#
#.#.# .# ....#
####.#.#####.### ..<.#
#....w)).o@....#
#...###..†.#.#####.#.#
........<....# .#
#..#####w......# .#
#..# ##..##......#
#..# ...## ...$...
.... #o.# ##..#.. ####
.... #.#.. .... ##


You could see a dart slug (wandering) and an orc.

Vanquished Creatures
  An orc priest (D:3)
  An adder (D:3)
  A bat (D:1)
  2 endoplasms (D:1)
  A giant cockroach (D:1)
  2 goblins
  2 hobgoblins
  A kobold (D:1)
  5 frilled lizards
  3 rats
19 creatures vanquished.

Notes
Turn   | Place    | Note
-------+----------+-------------------------------------------
     0 | D:1      | Zeld the Deep Elf Conjurer began the quest for the Orb.
     0 | D:1      | Reached XP level 1. HP: 10/10 MP: 6/6
   270 | D:1      | Reached skill level 1 in Hexes
   296 | D:1      | Reached XP level 2. HP: 15/15 MP: 6/8
   299 | D:1      | Learned a level 2 spell: Searing Ray
   586 | D:2      | Reached skill level 1 in Translocations
   812 | D:3      | Identified the +2 spear of Desperation {vorpal, rN+ Str+3
                  | Stlth+}
   842 | D:3      | Reached XP level 3. HP: 19/19 MP: 5/10
   852 | D:3      | Mangled by an orc

Illustrated notes

Levels and vault maps discovered:
D:1:      kennysheep_arrival_forest, layout_loops_ring, minmay_tetromino_l2
D:2:      layout_basic, uniq_robin, uniq_sigmund
D:3:      layout_loops_corners, nicolae_ecumenical_snake_handling, minivault_11,
          st_stairs_3, minmay_pentomino_pile

Skill      XL: |  1  2  3 |
---------------+----------+-----
Hexes          | 1 2 |  2.0
Translocations | 1 2 |  2.0
Dodging        | |  2.4
Stealth        | |  2.4
Spellcasting   | |  3.9
Conjurations   | |  4.6

Action                   || total
-------------------------++-------
Melee: Unarmed           ||     4
       Spear             ||     5
 Cast: Magic Dart        ||    25
       Searing Ray       ||     1
Dodge: Dodged            ||     7
